cohdb
Replays
Latest Replays
All Replays
Popular Replays
Top Player Replays
Match Explorer
How It Works
Community
CoH3 Stats
Reddit
Sign in to upload your games and track your stats! →
Sign in with Steam
Match 27537945
Unlisted
Match 27537945
Overview
Messages
Build Orders
End
Kradschützen Motorcycle Team
Panzergrenadier Squad
Construct Light Support Kompanie
250 Light Carrier
Fire Support Elements
Selects Armored Support Battlegroup
Selects Veteran Gunners
Combat Half-tracks
Flakvierling Half-track
Vehicle Survival Package
Panzerjäger Mechanized Group
Selects Salvage Kits
Construct Panzerarmee Kommand
Emergency Repair Kits
Panzer III L Medium Tank
Rapid Advance
Selects Panzer Storm
Panzer III L Medium Tank
Panzer Storm
Tungsten Core Ammunition
Panzer III L Medium Tank
Pak 38 Mechanized Group
Selects Stuka Anti-tank Loiter
Stuka Anti-tank Loiter
Panzer III L Medium Tank
MG34 Team
Armored Reserves
Panzer III L Medium Tank
Selects Flammpanzer III Medium Tank Sd.Kfz. 141
Selects Command Panzer IV F Medium Tank
Stuka Anti-tank Loiter
Panzer IV Assault Group
Panzer Storm
Command Panzer IV F Medium Tank
citizen
GenosseНиколай
Greco
Turbe
daWn
Carlx4
ManOWar2
neurotypical cattle
0
0
Comments
sign in to comment!
No comments posted yet!